cohdb
Replays
Latest Replays
All Replays
Popular Replays
Top Player Replays
Match Explorer
How It Works
Community
CoH3 Stats
Reddit
Sign in to upload your games and track your stats! →
Sign in with Steam
Match 42776663
Unlisted
Match 42776663
Overview
Messages
Build Orders
End
Kradschützen Motorcycle Team
Panzergrenadier Squad
Panzergrenadier Squad
Construct Light Support Kompanie
MG34 Team
Fire Support Elements
2.5-tonne Medical Truck
le.IG 18 Mechanized Group
Pak 38 Anti-tank Gun Team
2.5-tonne Medical Truck
Kradschützen Motorcycle Team
Selects Italian Infantry
Selects Defensive Operations
Construct Panzerarmee Kommand
Selects Prepared Positions
Selects Guastatori Squad
Guastatori Squad
Panzer III L Medium Tank
Panzer III L Medium Tank
Selects Obice 305mm Barrage
Obice 305mm Barrage
Armored Reserves
UneXplain
Valdai
Sailor
Doge
낭만개미
Chuef
CptSteenkist
Karung_Vtuber
0
0
Comments
sign in to comment!
No comments posted yet!